 Dungeon Crawl Stone Soup version 0.21-a0-297-ga3d34c2 (webtiles) character file.

6 mhoghedin the Caller (level 1, 11/23 HPs)
             Began as a Gnoll Wanderer on Sept 28, 2017.
             Quit the game on level 1 of the Dungeon.
             The game lasted 00:00:41 (239 turns).

mhoghedin the Caller (Gnoll Wanderer)                Turns: 239, Time: 00:00:42

Health: 11/23      AC:  2    Str: 10    XL:     1   Next: 90%
Magic:  2/2        EV: 13    Int: 14    God:
Gold:   0          SH:  0    Dex: 18    Spells: 0/0 levels left

rFire    . . .     SeeInvis .   e - +0 dagger
rCold    . . .     Gourm    .   (no shield)
rNeg     . . .     Faith    .   d - +0 robe
rPois    .         Spirit   .   (no helmet)
rElec    .         Reflect  .   (no cloak)
rCorr    .         Harm     .   (no gloves)
MR       .....                  (no boots)
Stlth    ++........             (no amulet)
HPRegen  0.07/turn              (no ring)
MPRegen  0.08/turn              (no ring)

@: no status effects
A: distributed training, fangs 1, strong nose
a: no special abilities


You were on level 1 of the Dungeon.
You were not hungry.

You visited 1 branch of the dungeon, and saw 1 of its levels.

Inventory:

Hand Weapons
 e - a +0 dagger (weapon)
Armour
 d - a +0 robe (worn)
Scrolls
 g - a scroll of recharging {unknown}
Potions
 b - a potion of curing
 c - a potion of lignification {!q}
Books
 a - a book of Callings
Comestibles
 f - 3 bread rations {@e1}
 h - a meat ration {@e2}


   Skills:
 + Level 6.4 Fighting
 + Level 0.0 Short Blades
 + Level 0.0 Long Blades
 + Level 0.0 Axes
 + Level 0.8 Maces & Flails
 + Level 0.8 Polearms
 + Level 2.6 Staves
 + Level 0.8 Slings
 + Level 0.0 Bows
 + Level 0.8 Crossbows
 + Level 2.3 Throwing
 + Level 0.0 Armour
 + Level 2.6 Dodging
 + Level 0.0 Stealth
   Level 0.0 Stabbing
 + Level 0.8 Shields
   Level 0.0 Traps
 + Level 0.0 Unarmed Combat
 + Level 0.0 Spellcasting
 + Level 0.0 Conjurations
 + Level 0.0 Hexes
 + Level 0.0 Charms
 + Level 6.4 Summonings
 + Level 1.3 Necromancy
 + Level 0.0 Translocations
 + Level 0.0 Transmutations
 + Level 0.0 Fire Magic
 + Level 0.0 Ice Magic
 + Level 0.0 Air Magic
 + Level 0.0 Earth Magic
 + Level 0.0 Poison Magic
 + Level 0.0 Invocations
 + Level 2.3 Evocations


You couldn't memorise any spells.
You didn't know any spells.

Dungeon Overview and Level Annotations

Branches:
Dungeon (1/15)

Altars:


Innate Abilities, Weirdness & Mutations

Your experience applies equally to all skills.
You have very sharp teeth.
Your uncanny sense of smell can sniff out nearby items.


Message History

You kill the jackal!
The jackal closely misses you.
The jackal bites you but does no damage.
You hit the jackal but do no damage. You bite the jackal, but do no damage.
The jackal closely misses you. The jackal bites you.
The jackal closely misses you.
The jackal bites you but does no damage.
You take 2 damage, and have 20/23 hp.
You hit the jackal. The jackal bites you.
The jackal bites you but does no damage.
You take 2 damage, and have 18/23 hp.
You barely miss the jackal. The jackal closely misses you.
The jackal bites you. The jackal barely misses you.
You take 2 damage, and have 16/23 hp.
You hit the jackal.
You kill the jackal!
The jackal barely misses you.
You hit the jackal.
The jackal bites you but does no damage.
You hit the jackal. The jackal bites you. The jackal closely misses you.
You take 3 damage, and have 13/23 hp.
You are too injured to fight recklessly!
You are too injured to fight recklessly!
You are too injured to fight recklessly!
You are too injured to fight recklessly!
You are too injured to fight recklessly!
You are too injured to fight recklessly!
You are too injured to fight recklessly!
You hit the jackal but do no damage. The jackal bites you.
You take 1 damage, and have 12/23 hp.
You hit the jackal. The jackal closely misses you. x2
You hit the jackal.
You kill the jackal!
Your Necromancy skill increases to level 1!
You don't know any spells.
Unknown command.
Unknown command.
You don't know any spells.
Unknown command.
Okay, then.
f - 2 bread rations {@e1} (gained 1)
h - a meat ration {@e2} You see here a robe.
You open the door.
A frilled lizard and a bat come into view.
The frilled lizard hisses angrily.
The bat hits you but does no damage.
Found 23 stones.
Found an escape hatch in the floor.
You regained 5 hp, and now have 17/23 hp.
There are monsters nearby!
You hit the bat.
You kill the bat!
The frilled lizard bites you but does no damage.
There is an open door here.
You see here a bat corpse.
You hit the frilled lizard.
You kill the frilled lizard!
No target in view!
No target in view!
No target in view!
No target in view!
No target in view!
No target in view!
No target in view!
No target in view!
No target in view!
No target in view!
No target in view!
No target in view!
No target in view!
No target in view!
You start resting.
Health restored: 23 You see here a frilled lizard corpse.
You see here 23 stones.
f - 3 bread rations {@e1} (gained 1)
You see here 23 stones.
You see here a frilled lizard corpse.
There is an open door here.
You see here a bat corpse.
Found a stone staircase leading down.
A giant cockroach and a hobgoblin come into view.
The hobgoblin shouts!
You hit the giant cockroach but do no damage.
The giant cockroach bites you.
A hobgoblin comes into view. It is wielding a club.
You take 1 damage, and have 22/23 hp.
You hit the giant cockroach but do no damage.
The giant cockroach closely misses you.
You closely miss the giant cockroach. The giant cockroach bites you.
The hobgoblin hits you with a club. The giant cockroach closely misses you.
You take 6 damage, and have 16/23 hp.
MASSIVE DAMAGE!!
You hit the giant cockroach but do no damage.
The hobgoblin barely misses you.
The giant cockroach bites you but does no damage.
You hit the giant cockroach but do no damage.
The giant cockroach barely misses you. The hobgoblin hits you with a club.
You take 5 damage, and have 11/23 hp.
MASSIVE DAMAGE!!

#......##.#...###...##
#.........#..## ##....
#.....###.#..## ##....
#......##.#...###....8
#......##.#...........
#.........#...........
#.........############
#.............
#....@g......#
#....s.......#
#......g.....#
#..........#...
#..........#...
#.....##...# .##.#.#
...# .. #.... ...#


You could see a giant cockroach and 2 hobgoblins.

Vanquished Creatures
  A bat (D:1)
  3 jackals (D:1)
  A frilled lizard (D:1)
5 creatures vanquished.

Notes
Turn   | Place    | Note
-------+----------+-------------------------------------------
     0 | D:1      | mhoghedin the Gnoll Wanderer began the quest for the Orb.
     0 | D:1      | mhoghedin set off with: a book of Callings, a potion of curing, a potion of lignification {!q}, a +0 robe, a +0 dagger, a bread ration {@e1}
     0 | D:1      | Reached XP level 1. HP: 23/23 MP: 2/2
    38 | D:1      | Reached skill level 1 in Necromancy
   239 | D:1      | Quit the game

Vault maps used:
D:1:      erik_arrival_cave_to_civilisation, minmay_misc_feat_five,
          nrook_mini_backslash, st_stairs_13

Skill      XL: |  1 |
---------------+----+-----
Necromancy     | 1 |  1.3
Fighting       | |  6.4
Maces & Flails | |  0.8
Polearms       | |  0.8
Staves         | |  2.6
Slings         | |  0.8
Crossbows      | |  0.8
Throwing       | |  2.3
Dodging        | |  2.6
Shields        | |  0.8
Summonings     | |  6.4
Evocations     | |  2.3

Action                   || total
-------------------------++-------
Melee: Dagger            ||    23
       Bite              ||     2
Armor: Robe              ||     7
Dodge: Dodged            ||    22

Table legend:
 A = Spawn XP
 B = Non-spawn XP
 C = Spawn XP percentage of total XP
 D = Spawn monster count
 E = Non-spawn monster count
 F = Spawn count percentage of total count
 G = Total turns spent on level
                    A         B        C        D         E        F      G
               +---------+---------+-------+---------+---------+-------+---------
         Total |       0 |       9 |   0.0 |       0 |       5 |   0.0 |   239
               +---------+---------+-------+---------+---------+-------+---------
           D:1 |       0 |       9 |   0.0 |       0 |       5 |   0.0 |   239
               +---------+---------+-------+---------+---------+-------+---------

Vault maps used:
D:1:      erik_arrival_cave_to_civilisation, minmay_misc_feat_five,
          nrook_mini_backslash, st_stairs_13

Table legend:
 A = Turns spent in this place as a percentage of turns spent in the entire game.
 B = Non-inter-level travel turns spent in this place as a percentage of non-inter-level travel turns spent in the entire game.
 C = Inter-level travel turns spent in this place as a percentage of turns spent in this place.
 D = Turns resting spent in this place as a percentage of non-inter-level travel turns spent in this place.
 E = Turns spent auto-exploring this place as a percentage of non-inter-level travel turns spent in this place.
 F = Non-inter-level travel turns spent in this place divided by the number of levels of this place that you've seen.
                   A       B       C       D       E      F
               +-------+-------+-------+-------+-------+----------------------
         Total | 100.0 | 100.0 |   0.0 |  29.3 |  56.1 | 239.0
       Dungeon | 100.0 | 100.0 |   0.0 |  29.3 |  56.1 | 239.0
               +-------+-------+-------+-------+-------+----------------------

Table legend:
 A = Kills in this place as a percentage of kills in entire the game.
 B = Kills by you in this place as a percentage of kills by you in the entire game.
 C = Kills by friends in this place as a percentage of kills by friends in the entire game.
 D = Other kills in this place as a percentage of other kills in the entire game.
 E = Experience gained in this place as a percentage of experience gained in the entire game.
 F = Experience gained in this place divided by the number of levels of this place that you have seen.
                   A       B       C       D       E      F
               +-------+-------+-------+-------+-------+----------------------
         Total | 100.0 | 100.0 |   N/A |   N/A | 100.0 |   9.0
       Dungeon | 100.0 | 100.0 |   N/A |   N/A | 100.0 |   9.0
               +-------+-------+-------+-------+-------+----------------------
